 Dungeon Crawl Stone Soup version 0.30-a0-782-ge64f9170bb (webtiles) character file.

Game seed: 15372311663338594676

1910 Mickster the Cleaver (level 9, -4/74 HPs)
             Began as a Hill Orc Gladiator on Feb 18, 2023.
             Slain by a killer bee (5 damage)
             ... on level 7 of the Dungeon on Feb 19, 2023.
             The game lasted 00:56:49 (4123 turns).

Mickster the Cleaver (Hill Orc Gladiator)           Turns: 4123, Time: 00:56:49

Health: -4/74      AC: 11    Str: 21    XL:     9   Next: 16%
Magic:  9/9        EV: 11    Int:  8    God:
Gold:   231        SH:  0    Dex: 12    Spells: 8/8 levels left

rFire   + . .      SeeInvis .    x - +1 falchion (venom)
rCold   . . .      Faith    .    (no shield)
rNeg    . . .      Spirit   .    l - +2 scale mail {rF+}
rPois   .          Reflect  .    c - +0 helmet
rElec   .          Harm     .    q - +0 cloak
rCorr   .          Rampage  .    (no gloves)
Will    .....                    (no boots) Stlth
                                 (no amulet)
HPRegen 0.32/turn                (no ring)
MPRegen 0.11/turn                (no ring)

@: mighty, lethally poisoned (-4 -> -15)
A: no striking features
a: no special abilities


You were on level 7 of the Dungeon.
You visited 1 branch of the dungeon, and saw 7 of its levels.

You collected 231 gold pieces.

Inventory:

Hand Weapons
 a - a +0 war axe of electrocution
 b - a +1 hand axe
 h - a +0 dagger of flaming
 j - a +0 sling
 s - a +0 halberd of protection
 t - a +0 hand axe of freezing
 u - a +1 flail of holy wrath
 x - a +1 falchion of venom (weapon)
Missiles
 d - 3 throwing nets
 e - a javelin
 f - 19 poisoned darts (quivered)
 k - 33 stones
Armour
 c - a +0 helmet (worn)
 g - an orb of energy
 l - a +2 scale mail of fire resistance (worn)
 o - a +0 chain mail
 p - an orb of guile
 q - a +0 cloak (worn)
Jewellery
 r - a ring of fire
Scrolls
 i - 2 scrolls of teleportation
 m - 3 scrolls of identify
Potions
 n - a potion of mutation {unknown}


   Skills:
 + Level 5.5 Fighting
 * Level 12.1 Axes
 + Level 2.3 Throwing
 + Level 5.1 Armour
 + Level 3.7 Dodging


You had 8 spell levels left.
You didn't know any spells.
Your spell library contained the following spells:

 Spells                   Type           Power      Damage    Failure   Level
 Inner Flame              Hex/Fire       0%         N/A       97%         3
 Cause Fear               Hex            0%         N/A       100%        4
 Discord                  Hex            0%         N/A       100%        8


Dungeon Overview and Level Annotations

Branches:
Dungeon (7/15)             Temple (0/1) D:4

Altars:
Nemelex Xobeh
Okawaru
Sif Muna
Zin

Portals:
Ossuary: D:4


Message History

The killer bee stings you.
* * * LOW HITPOINT WARNING * * *
The killer bee stings you but does no damage.
The killer bee barely misses you.
You miss the killer bee.
* * * LOW HITPOINT WARNING * * *
You feel very sick.
The killer bee stings you but does no damage. x2
The killer bee barely misses you. The killer bee misses you.
The killer bee stings you.
* * * LOW HITPOINT WARNING * * *
The killer bee stings you but does no damage.
The sky beast flickers out of sight!
Deactivating autopickup; reactivate with Ctrl-A.
You feel much better.
You feel sick. The killer bee closely misses you. x2
The killer bee stings you.
* * * LOW HITPOINT WARNING * * *
The killer bee stings you.
* * * LOW HITPOINT WARNING * * *
The killer bee closely misses you. The killer bee misses you.
You feel very mighty all of a sudden.
You feel sick. The killer bee closely misses you.
The killer bee barely misses you.
The killer bee stings you but does no damage.
The killer bee stings you.
* * * LOW HITPOINT WARNING * * *
The killer bee stings you.
* * * LOW HITPOINT WARNING * * *
You are lethally poisoned!
The killer bee poisons you!
The killer bee stings you but does no damage.
You closely miss the killer bee.
* * * LOW HITPOINT WARNING * * *
You feel very sick.
The killer bee stings you but does no damage.
The killer bee barely misses you. The killer bee closely misses you.
The killer bee stings you.
* * * LOW HITPOINT WARNING * * *
The killer bee stings you.
You die...

#.........#.#
#.....<.....##
#............#
#............#.
#..........##..
#...............
........{.......
##.....yyy...##.
.......@.......
#.#............
###.......#####
#(........
..........##
...##$....## ...
##....# .#
..!..#


You could see 3 killer bees.

Vanquished Creatures
  3 yaks (D:6)
  3 black bears
  Blork the orc (D:5)
  A bullfrog (D:6)
  4 scorpions
  3 wights (D:4)
  A killer bee (D:7)
  An orc priest (D:5)
  A hound (D:5)
  7 iguanas
  6 orc wizards (D:5)
  Robin (D:3)
  3 gnolls (D:5)
  8 adders
  2 ufetubi
  3 worms
  A dart slug (D:1)
  19 orcs
  3 bats
  7 endoplasms
  3 giant cockroaches
  12 goblins
  15 hobgoblins
  2 jackals (D:1)
  5 kobolds
  3 quokkas
  5 ball pythons
  A frilled lizard (D:2)
  4 rats
128 creatures vanquished.

Notes
Turn   | Place    | Note
-------+----------+-------------------------------------------
     0 | D:1      | Mickster the Hill Orc Gladiator began the quest for the
                  | Orb.
     0 | D:1      | Reached XP level 1. HP: 18/18 MP: 1/1
   368 | D:1      | Reached XP level 2. HP: 25/25 MP: 2/2
   779 | D:1      | Reached XP level 3. HP: 30/30 MP: 3/3
  1059 | D:2      | Reached skill level 5 in Axes
  1235 | D:2      | Reached XP level 4. HP: 37/38 MP: 4/4
  1277 | D:2      | Reached skill level 1 in Armour
  1457 | D:3      | Found an iron altar of Okawaru.
  1457 | D:3      | Found a glowing silver altar of Zin.
  1457 | D:3      | Found a sparkling altar of Nemelex Xobeh.
  1562 | D:3      | Reached XP level 5. HP: 45/45 MP: 5/5
  1642 | D:3      | Noticed Robin
  1661 | D:3      | Killed Robin
  1662 | D:3      | Reached skill level 6 in Axes
  2021 | D:4      | Found a sand-covered staircase.
  2030 | D:4      | Reached skill level 7 in Axes
  2030 | D:4      | Reached XP level 6. HP: 37/51 MP: 6/6
  2156 | D:4      | Found a staircase to the Ecumenical Temple.
  2185 | D:4      | Reached skill level 8 in Axes
  2296 | D:4      | Reached XP level 7. HP: 58/58 MP: 7/7
  2422 | D:5      | Entered Level 5 of the Dungeon
  2463 | D:5      | Noticed Blork the orc
  2470 | D:5      | Killed Blork the orc
  2495 | D:5      | Found a shimmering blue altar of Sif Muna.
  2685 | D:5      | Reached skill level 9 in Axes
  2996 | D:5      | Reached XP level 8. HP: 59/67 MP: 8/8
  3345 | D:5      | Reached skill level 10 in Axes
  3627 | D:6      | Noticed a yak
  3628 | D:6      | Noticed a yak
  3628 | D:6      | Noticed a yak
  3642 | D:6      | Killed a yak
  3643 | D:6      | Reached skill level 5 in Fighting
  3643 | D:6      | Reached skill level 11 in Axes
  3643 | D:6      | Killed a yak
  3647 | D:6      | Killed a yak
  3648 | D:6      | Reached skill level 5 in Armour
  3648 | D:6      | Reached XP level 9. HP: 24/74 MP: 9/9
  4014 | D:6      | Reached skill level 12 in Axes
  4123 | D:7      | HP: 1/74 [killer bee (6)]
  4123 | D:7      | Slain by a killer bee

Illustrated notes

Levels and vault maps discovered:
D:1:      dpeg_arrival_tiny_b, layout_loops_ring, serial_park_tiny_1,
          serial_park_tiny_1
D:2:      layout_rooms
D:3:      layout_loops_corners, chequers_temple_overflow_statue_of_worship,
          minmay_starry_boxes, uniq_robin
D:4:      layout_rooms, hangedman_ru_absence, minmay_temple_entry_junction,
          nicolae_ossuary_entry_monument
D:5:      layout_loops_ring, nicolae_overflow_crystal_walls, uniq_blork_the_orc
D:6:      layout_gridville
D:7:      layout_cave_pools, chei_slow_surprise, uniq_duvessa

Skill      XL: |  1  2  3  4  5  6  7  8  9 |
---------------+----------------------------+-----
Throwing       | 2 |  2.3
Fighting       | 3 4 5 |  5.5
Axes           | 5 7 8 9 11 12 | 12.1
Armour         | 1 2 3 5 |  5.1
Dodging        | 3 |  3.7

Action                     |  1- 3 |  4- 6 |  7- 9 || total
---------------------------+-------+-------+-------++-------
  Melee: War axe           |    74 |   133 |   155 ||   362
         Punch             |     1 |     2 |     3 ||     6
         Falchion          |       |       |     9 ||     9
  Throw: Dart              |     9 |       |     5 ||    14
    Use: Scroll            |     3 |     3 |     1 ||     7
         Potion            |     2 |     5 |     3 ||    10
 Armour: Chain mail        |    35 |       |       ||    35
         Scale mail        |    22 |    70 |   116 ||   208
  Dodge: Dodged            |    29 |    65 |   128 ||   222

Table legend: (Time is in decaauts)
 A = Elapsed time spent in this place.
 B = Non-inter-level travel time spent in this place.
 C = Inter-level travel time spent in this place.
 D = Time resting spent in this place.
 E = Time spent auto-exploring this place.
 F = Levels seen in this place.
 G = Mean time per level.
                   A        B        C        D        E       F      G
               +--------+--------+--------+--------+--------+-----+--------+
         Total |   4148 |   3984 |    164 |    876 |      0 |   7 |  592.6 |
       Dungeon |   4148 |   3984 |    164 |    876 |      0 |   7 |  592.6 |
               +--------+--------+--------+--------+--------+-----+--------+

Top non-repeatable levels by time:
     D:5: 1150 daAuts
     D:1: 1040 daAuts
     D:3: 548 daAuts
     D:6: 497 daAuts
     D:4: 477 daAuts
     D:2: 398 daAuts
     D:7: 35 daAuts
